 Dungeon Crawl Stone Soup version 0.18.1-6-gd335043 (webtiles) character file.

46 fordy the Sneak (level 3, 0/24 HPs)
             Began as an Octopode Assassin on May 19, 2016.
             Was a Follower of Qazlal.
             Succumbed to an adder's poison
             ... on level 2 of the Dungeon.
             The game lasted 00:10:32 (921 turns).

fordy the Sneak (Octopode Assassin)                  Turns: 921, Time: 00:10:33

Health: 0/24       AC:  1    Str: 10    XL:     3   Next: 66%
Magic:  3/3        EV: 12    Int: 13    God:    Qazlal [*.....]
Gold:   66         SH:  2    Dex: 14    Spells: 0 memorised, 2 levels left

rFire  + . .     SeeInvis .     a - +2 dagger
rCold  . . .     Gourm    .     (no shield)
rNeg   . . .     Faith    .     (helmet restricted)
rPois  .         Spirit   .     (no amulet)
rElec  .         Dismiss  .     k - ring of protection from fire
rCorr  .         Reflect  .     (no ring)
SustAt .         Harm     .     (no ring)
MR     .....                    (no ring)
Stlth  ++++......               (no ring)
                                (no ring)
                                (no ring)
                                (no ring)

@: lethally poisoned (0 -> -14), flying, not resistant to hostile enchantments,
stealthy
A: almost no armour, amphibious, 8 rings, constrict 8, camouflage 1, gelatinous
body 1
a: Renounce Religion


You were on level 2 of the Dungeon.
You worshipped Qazlal.
Qazlal was aware of your devotion.
You were not hungry.

You visited 1 branch of the dungeon, and saw 2 of its levels.

You collected 66 gold pieces.

Inventory:

Hand Weapons
 a - a +2 dagger (weapon)
 b - a +0 blowgun
 g - a +0 trident
 i - a +0 whip
 j - a +0 hand axe
Missiles
 c - 8 poisoned needles
 d - 2 curare-tipped needles
Armour
 o - a +0 centaur barding
Jewellery
 k - a ring of protection from fire (left tentacle)
Scrolls
 e - a scroll of fog {unknown}
 h - 2 scrolls of identify {unknown}
 l - 2 scrolls of recharging {unknown}
 n - a scroll of teleportation {unknown}
Comestibles
 f - a bread ration
 m - a royal jelly


   Skills:
 + Level 2.2 Fighting
 + Level 2.4 Short Blades
 + Level 2.2 Throwing
 + Level 1.4 Dodging
 + Level 6.3 Stealth


You had 2 spell levels left.
You didn't know any spells.

Dungeon Overview and Level Annotations

Branches:
Dungeon (2/15)

Altars:
Elyvilon
Kikubaaqudgha
Makhleb
Qazlal
Vehumet
The Shining One


Innate Abilities, Weirdness & Mutations

You cannot wear most types of armour.
You are amphibious.
You can wear up to eight rings at the same time.
You can use your tentacles to constrict eight enemies at once.
Your skin changes colour to match your surroundings (Stealth).
Your rubbery body absorbs attacks (AC +1).


Message History

You hit the adder.
You kill the adder!
Qazlal accepts your kill.
You feel sick.
* * * LOW HITPOINT WARNING * * *
You feel sick.
* * * LOW HITPOINT WARNING * * *
You feel sick.
* * * LOW HITPOINT WARNING * * *
You feel sick.
* * * LOW HITPOINT WARNING * * *
You feel sick.
It was a potion of flight.
You feel very buoyant.
You fly up into the air.
* * * LOW HITPOINT WARNING * * *
You feel sick.
* * * LOW HITPOINT WARNING * * *
You feel sick.
You die...

######## ##......##
##........## #..........#
####.......<..##
##.....@............
##.....>†.......#####
#....†.........)#
#.......†......##
#...............#
##..............##### ##
#...................# #)
#...................# .
#.##
.....................###.#


There were no monsters in sight!

Vanquished Creatures
  An adder (D:2)
  3 dart slugs (D:1)
  9 bats (D:1)
  A giant cockroach (D:1)
  3 goblins (D:1)
  3 hobgoblins (D:1)
  7 kobolds
  4 rats
31 creatures vanquished.

Notes
Turn   | Place    | Note
--------------------------------------------------------------
     0 | D:1      | fordy the Octopode Assassin began the quest for the Orb.
     0 | D:1      | Reached XP level 1. HP: 14/14 MP: 1/1
    95 | D:2      | Found a faded altar to an unknown god.
   114 | D:2      | Became a worshipper of Qazlal Stormbringer
   114 | D:2      | Reached * piety under Qazlal
   182 | D:2      | Found a burning altar of Makhleb.
   182 | D:2      | Found a glowing golden altar of the Shining One.
   182 | D:2      | Found a radiant altar of Vehumet.
   186 | D:2      | Found an ancient bone altar of Kikubaaqudgha.
   186 | D:2      | Found a white marble altar of Elyvilon.
   274 | D:1      | Reached XP level 2. HP: 16/19 MP: 2/2
   317 | D:1      | Reached skill level 6 in Stealth
   515 | D:1      | Reached XP level 3. HP: 16/24 MP: 3/3
   920 | D:2      | HP: 1/24 [poisoned by an adder]
   921 | D:2      | Succumbed to an adder's poison

Skill      XL: |  1  2 |
---------------+-------+-----
Stealth        | 6 |  6.3
Fighting       | |  2.2
Short Blades   | |  2.4
Throwing       | |  2.2
Dodging        | |  1.4

Action                   || total
-------------------------++-------
Melee: Dagger            ||    70
       Tentacles         ||    12
       Constrict         ||    20
  Use: Potion            ||     1
Armor: Skin              ||    19
Dodge: Dodged            ||    44
Block: Other             ||     4
